 Dungeon Crawl Stone Soup version 0.27.1-33-g824d729ab1 (webtiles) character file.

Game seed: 12071794657103899473

3584 jlumianski the Covert (level 10, -8/59 HPs)
             Began as a Gargoyle Monk on Dec 19, 2021.
             Was an Elder of Dithmenos.
             Mangled by a shadow (23 damage)
             ... on level 9 of the Dungeon.
             The game lasted 00:45:03 (8767 turns).

jlumianski the Covert (Gargoyle Monk)               Turns: 8767, Time: 00:45:04

Health: -8/59      AC: 13    Str: 15    XL:     10   Next: 10%
Magic:  10/10      EV: 13    Int: 12    God:    Dithmenos [****..]
Gold:   370        SH:  0    Dex: 14    Spells: 2/9 levels left

rFire    . . .     SeeInvis .   L - +2 dagger (flame)
rCold    + . .     Faith    .   (no shield)
rNeg     + + .     Spirit   .   s - +1 leather armour {rC+}
rPois    ∞         Reflect  .   (no helmet)
rElec    +         Harm     .   (no cloak)
rCorr    .         Rampage  .   K - +1 pair of gloves
Will     .....                  (no boots)
Stlth    ++++++....             h - amulet of regeneration
HPRegen  1.19/turn              E - ring of positive energy
MPRegen  0.12/turn              (no ring)

@: wreathed by umbra
A: sickness immunity, AC +7, negative energy resistance 1, electricity
resistance, torment resistance 1, petrification resistance
a: Renounce Religion, Shadow Step


You were on level 9 of the Dungeon.
You worshipped Dithmenos.
Dithmenos was greatly pleased with you.
You visited 1 branch of the dungeon, and saw 9 of its levels.

You collected 418 gold pieces.
You spent 48 gold pieces at shops.

Inventory:

Hand Weapons
 a - a +0 hand axe
 l - a +0 hunting sling
 p - a +0 short sword
 q - a +2 dagger of venom
 x - a +0 dagger of draining
 C - a +1 whip of draining
 F - a +0 hunting sling
 L - a +2 dagger of flaming (weapon)
Missiles
 d - 64 bolts
 f - 185 stones (quivered)
 m - 23 sling bullets
 v - 8 atropa-tipped darts
 w - 9 boomerangs
 D - 34 poisoned darts
Armour
 b - a +0 robe
 g - a +1 leather armour
 s - a +1 leather armour of cold resistance (worn)
 A - a +0 ring mail of cold resistance
 K - a +1 pair of gloves (worn)
Magical Staves
 k - a staff of air
Jewellery
 h - an amulet of regeneration (around neck)
 n - a ring of ice
 E - a ring of positive energy (left hand)
Wands
 u - a wand of mindburst (7)
 G - a wand of polymorph (16)
Scrolls
 i - a scroll of torment
 t - 4 scrolls of teleportation
 y - 2 scrolls of fog
 z - 2 scrolls of noise
 B - 2 scrolls of amnesia
 I - 5 scrolls of identify
 J - a scroll of blinking
Potions
 c - 3 potions of haste
 e - a potion of heal wounds
 j - 2 potions of mutation
 o - a potion of ambrosia
 r - 3 potions of brilliance
 H - a potion of curing


   Skills:
 + Level 5.0 Fighting
 * Level 6.0 Short Blades
 - Level 4.0 Axes
 + Level 1.1 Slings
 + Level 3.9 Armour
 + Level 4.8 Dodging
 * Level 9.9 Stealth
 + Level 0.2 Spellcasting
 * Level 4.0 Hexes


You had 2 spell levels left.
You knew the following spells:

 Your Spells              Type           Power      Damage    Failure   Level
a - Slow                  Hex            9%         N/A       12%         2
b - Confusing Touch       Hex            9%         N/A       22%         3
c - Ensorcelled Hibernat  Hex/Ice        10%        N/A       26%         2

Your spell library contained the following spells:

 Spells                   Type           Power      Damage    Failure   Level
 Shock                    Conj/Air       0%         1d3       38%         1
 Spider Form              Tmut/Pois      0%         N/A       77%         3
 Swiftness                Air            0%         N/A       77%         3
 Vampiric Draining        Necr           0%         2d6       77%         3
 Airstrike                Air            0%         N/A       99%         4
 Shadow Creatures         Summ           N/A        N/A       100%        6


Dungeon Overview and Level Annotations

Branches:
Dungeon (9/15)             Temple (0/1) D:5
   Lair: D:8-11         Orc: D:9-12

Altars:
Dithmenos
Gozag
Hepliaklqana
Wu Jian
The Shining One

Shops:
D:4 **

Annotations:
D:4 2 runed translucent doors, zeram's ghost, amateur TrHu


Innate Abilities, Weirdness & Mutations

You are immune to sickness and miasma.
Your stone body is resilient. (AC +7)
You are immune to poison.
You resist negative energy. (rN+)
You are resistant to electric shocks. (rElec)
You are resistant to unholy torment.
You are immune to petrification.


Message History

The shadow slips into darkness.
The shadow flickers and vanishes!
Deactivating autopickup; reactivate with Ctrl-A.
You hit something but do no damage. You hit something but do no damage.
The shadow strikes at you from the darkness!
Reactivating autopickup.
You hit the shadow but do no damage.
The shadow is severely damaged.
The shadow hits you!
You hit the shadow but do no damage.
The shadow is severely damaged.
Your shadow barely misses the shadow.
The shadow slips into darkness.
The shadow flickers and vanishes!
Deactivating autopickup; reactivate with Ctrl-A.
You miss something. You closely miss something.
The shadow strikes at you from the darkness!
Reactivating autopickup.
You hit the shadow but do no damage.
The shadow is severely damaged.
The shadow slips into darkness.
The shadow flickers and vanishes!
Deactivating autopickup; reactivate with Ctrl-A.
You miss something. You hit something but do no damage.
The shadow strikes at you from the darkness!
* * * LOW HITPOINT WARNING * * *
Reactivating autopickup.
Your +2 dagger of venom stops dripping with poison.
Your +2 dagger of flaming bursts into flame!
L - a +2 dagger of flaming (weapon)
The shadow slips into darkness.
The shadow flickers and vanishes!
Deactivating autopickup; reactivate with Ctrl-A.
You closely miss something. You hit something but do no damage.
The shadow strikes at you from the darkness!
You die...

#.>..#### ..
......{@...#
#.
...........#
#
.......<...#
...........#
...#########
.. #


There were no monsters in sight!

Vanquished Creatures
  A wyvern (D:8)
  Grum (D:9)
  3 yaks
  A water moccasin (D:6)
  3 orc warriors
  3 ice beasts (D:6)
  3 sky beasts
  A hornet zombie (D:6)
  3 ogres (D:5)
  A centaur (D:7)
  A necrophage (D:8)
  A wolf (D:9)
  2 kobold brigands (D:7)
  A gnoll sergeant (D:6)
  3 scorpions
  A vampire bat (D:3)
  An electric eel (D:8)
  A howler monkey (D:6)
  An orc priest (D:8)
  A jelly (D:5)
  4 hounds
  3 iguanas
  8 orc wizards
  Natasha (thrice) (D:2)
  A hound skeleton (D:5)
  7 gnolls (D:6)
  An adder (D:2)
  3 shadow imps
  An adder skeleton (D:4)
  A worm (D:4)
  2 dart slugs
  3 fire bats (D:3)
  26 orcs
  2 spectral bats (D:3)
  3 bat skeletons (D:3)
  A bat zombie (D:3)
  3 endoplasms
  5 giant cockroaches
  5 goblins
  8 hobgoblins
  4 jackals (D:3)
  4 quokkas
  4 ball pythons
  28 bats
  A bat simulacrum (D:3)
  4 frilled lizards
  20 kobolds
  3 rats
  A spectral kobold (D:2)
192 creatures vanquished.

Vanquished Creatures (others)
  A fungus (D:1)
1 creature vanquished.

Grand Total: 193 creatures vanquished

Notes
Turn   | Place    | Note
-------+----------+-------------------------------------------
     0 | D:1      | jlumianski the Gargoyle Monk began the quest for the Orb.
     0 | D:1      | Reached XP level 1. HP: 14/14 MP: 1/1
   177 | D:1      | Reached XP level 2. HP: 19/19 MP: 2/2
  1229 | D:2      | Reached XP level 3. HP: 23/23 MP: 3/3
  1350 | D:2      | Found a faded altar of an unknown god.
  1572 | D:2      | Learned a level 2 spell: Slow
  1630 | D:2      | Noticed Natasha
  1640 | D:2      | Killed Natasha
  1641 | D:2      | Reached XP level 4. HP: 13/28 MP: 1/4
  1948 | D:2      | Noticed Natasha
  1970 | D:2      | Killed Natasha
  1971 | D:2      | Reached skill level 1 in Armour
  2076 | D:2      | Noticed Natasha
  2094 | D:2      | Killed Natasha
  2095 | D:2      | Reached XP level 5. HP: 17/33 MP: 3/5
  2318 | D:3      | Found a shadowy altar of Dithmenos.
  2357 | D:3      | Became a worshipper of Dithmenos the Shadowed
  2357 | D:3      | Reached * piety under Dithmenos
  2357 | D:3      | Reached ** piety under Dithmenos
  2489 | D:3      | Found an opulent altar of Gozag.
  2489 | D:3      | Found a hazy altar of Hepliaklqana.
  2605 | D:3      | Reached skill level 3 in Stealth
  2721 | D:3      | Reached XP level 6. HP: 37/38 MP: 6/6
  3190 | D:3      | Reached skill level 1 in Hexes
  3427 | D:5      | Entered Level 5 of the Dungeon
  3701 | D:4      | Reached skill level 1 in Short Blades
  3797 | D:4      | Found a large runed translucent door.
  3798 | D:4      | Found a large runed translucent door.
  3809 | D:4      | Noticed zeram's ghost (amateur TrHu)
  3837 | D:4      | Reached skill level 4 in Stealth
  3837 | D:4      | Reached XP level 7. HP: 43/43 MP: 7/7
  3979 | D:4      | Found Cauze's General Store.
  3981 | D:4      | Found Samin's Specific Store.
  3993 | D:4      | Bought a scroll of identify for 24 gold pieces
  3993 | D:4      | Bought a scroll of identify for 24 gold pieces
  4158 | D:5      | Found a staircase to the Ecumenical Temple.
  4397 | D:5      | Reached skill level 5 in Stealth
  4527 | D:5      | Reached XP level 8. HP: 48/48 MP: 8/8
  4659 | D:5      | Reached skill level 6 in Stealth
  4800 | D:5      | Learned a level 3 spell: Confusing Touch
  5312 | D:6      | Reached skill level 7 in Stealth
  5813 | D:6      | Reached XP level 9. HP: 7/52 MP: 9/9
  5878 | D:6      | Reached *** piety under Dithmenos
  5918 | D:6      | Found a glowing golden altar of the Shining One.
  6234 | D:7      | Reached skill level 8 in Stealth
  6882 | D:7      | Reached skill level 5 in Short Blades
  7315 | D:8      | Learned a level 2 spell: Ensorcelled Hibernation
  7447 | D:7      | Reached **** piety under Dithmenos
  7603 | D:8      | Found an ornate altar of the Wu Jian Council.
  7987 | D:8      | Reached skill level 9 in Stealth
  7990 | D:8      | Noticed a death knight
  7991 | D:8      | Noticed a tengu warrior
  7991 | D:8      | Noticed a tengu warrior
  8108 | D:8      | Noticed an efreet
  8109 | D:8      | Noticed a kobold demonologist
  8109 | D:8      | Noticed a troll
  8109 | D:8      | Identified the ring "Tumujixt" {rCorr Dex+6}
  8113 | D:8      | Noticed a two-headed ogre
  8113 | D:8      | Noticed an eight-headed hydra
  8455 | D:9      | Reached skill level 1 in Slings
  8515 | D:8      | Reached skill level 5 in Fighting
  8515 | D:8      | Reached XP level 10. HP: 41/59 MP: 10/10
  8570 | D:9      | Noticed Grum
  8606 | D:9      | Killed Grum
  8767 | D:9      | Mangled by a shadow

Illustrated notes

Levels and vault maps discovered:
D:1:      dpeg_arrival_prison, layout_basic
D:2:      layout_basic, dreamdust_ecumenical_altar_drowned_temple, uniq_natasha
D:3:      layout_loops_cross, lemuel_round_altar,
          gammafunk_temple_overflow_elements, minmay_misc_feat_roman,
          goddamned_bats
D:4:      layout_loops_ring, ebering_ghost_disaster_area, nicolae_specific_store
D:5:      layout_loops_ring, minmay_temple_entry_butterflies
D:6:      layout_loops_corners, nicolae_tso_carved_into_rock
D:7:      layout_basic, chequers_serial_rivers_marsh, roderic_batcave
D:8:      layout_layer_cave, mainiacjoe_overflow_tiny_flanked, serial_glass,
          glass_columns_b, glass_columns_a, minmay_crystal_water, minivault_12
D:9:      layout_rooms, dpeg_oklobed_lair, zombieorc2_lemuel, serial_shops,
          shop, uniq_grum

Skill      XL: |  1  2  3  4  5  6  7  8  9 10 |
---------------+-------------------------------+-----
Axes           | 3 4 |  4.0
Dodging        | 3 4 |  4.8
Armour         | 1 2 3 |  3.9
Stealth        | 3 4 5 7 9 |  9.9
Hexes          | 1 2 3 4 |  4.0
Fighting       | 4 5 |  5.0
Short Blades   | 1 3 4 5 6 |  6.0
Slings         | 1 |  1.1
Spellcasting   | |  0.2

Action                   |  1- 3 |  4- 6 |  7- 9 | 10-12 || total
-------------------------+-------+-------+-------+-------++-------
Melee: Hand axe          |   116 |   167 |       |       ||   283
       Dagger            |       |    67 |   410 |    58 ||   535
 Fire: Hunting sling     |       |       |     2 |       ||     2
 Cast: Slow              |       |     1 |       |       ||     1
       Confusing Touch   |       |       |     1 |       ||     1
Invok: Shadow Step       |       |     2 |     1 |       ||     3
Evoke: Wand              |       |       |     1 |       ||     1
  Use: Potion            |       |     1 |     2 |       ||     3
       Scroll            |       |     2 |     9 |       ||    11
 Stab: Sleeping          |     6 |    11 |    26 |       ||    43
       Distracted        |       |       |     1 |       ||     1
       Confused          |       |       |     1 |       ||     1
Armor: Robe              |     9 |       |       |       ||     9
       Leather armour    |    37 |   131 |   124 |    15 ||   307
Dodge: Dodged            |    86 |   229 |   238 |    36 ||   589
